 Dungeon Crawl Stone Soup version 0.22.1-1-ga44c0e5 (webtiles) character file.

1639320 NicuTudor the Slayer (level 27, 181/181 HPs)
             Began as a Vine Stalker Abyssal Knight on Sept 30, 2018.
             Was the Champion of Lugonu.
             Escaped with the Orb
             ... and 3 runes on Oct 2, 2018!
             The game lasted 07:58:29 (75769 turns).

NicuTudor the Slayer (Vine Stalker Abyssal Knight) Turns: 75769, Time: 07:58:29

Health: 181/181    AC: 41    Str: 30    XL:     27
Magic:  42/42      EV: 22    Int: 10    God:    Lugonu [******]
Gold:   8756       SH: 34    Dex: 15    Spells: 17/26 levels left

rFire    + + .     SeeInvis +   a - +9 demon trident (vamp)
rCold    + . .     Gourm    .   g - +10 large shield of Ignorance {rN+ Int-4}
rNeg     + . .     Faith    .   b - +12 gold dragon scales
rPois    +         Spirit   +   S - +3 crown of Dyrovepreva {rElec Int+2 SInv}
rElec    +         Reflect  .   e - +2 cloak {rPois}
rCorr    .         Harm     .   v - +2 pair of gloves
MR       +++..                  F - +0 pair of boots of the Valley of Death {+Inv rElec}
Stlth    ..........             D - amulet of Vitality {Regen+ HP+15}
HPRegen  1.60/turn              G - ring of Errosuhi {rF+ MP+9 Str+3 SInv}
MPRegen  0.28/turn              r - +6 ring of evasion

@: no status effects
A: antennae 1, fangs 3, hooves 1, deformed body, poison resistance, regeneration
2, shaggy fur 1, magic shield, antimagic bite, no potion heal 3, rot immunity
0: Orb of Zot
}: 3/15 runes: barnacled, silver, gossamer
a: Depart the Abyss, Bend Space, Banish, Corrupt, Enter the Abyss, Brand Weapon
With Distortion, Renounce Religion, Evoke Invisibility


You escaped.
You worshipped Lugonu.
Lugonu was exalted by your worship.
You were full.

You visited 9 branches of the dungeon, and saw 49 of its levels.
You visited the Abyss 1 time.
You also visited: Labyrinth, Trove and Bailey.

You collected 9982 gold pieces.
You spent 1226 gold pieces at shops.

Inventory:

Hand Weapons
 a - a +9 vampiric demon trident (weapon)
Missiles
 y - 20 steel javelins {@Q2}
 C - 49 javelins {@Q1}
 U - 13 javelins of penetration {@Q3}
 Z - 12 throwing nets (quivered) {!f@Q4}
Armour
 b - +12 gold dragon scales (worn)
   (You found it on level 2 of the Depths)
 e - a +2 cloak of poison resistance (worn)
 g - the +10 large shield of Ignorance (worn) {rN+ Int-4}
   (You found it on level 10 of the Dungeon)

   It affects your intelligence (-4).
   It protects you from negative energy.
 v - a +2 pair of gloves (worn)
 F - the +0 pair of boots of the Valley of Death (worn) {+Inv rElec}
   (You found it in a bailey)

   It insulates you from electricity.
   It lets you turn invisible.
 S - the +3 crown of Dyrovepreva (worn) {rElec Int+2 SInv}
   (You found it on level 8 of the Dungeon)

   It affects your intelligence (+2).
   It insulates you from electricity.
   It lets you see invisible.
Jewellery
 i - an uncursed ring of positive energy
 n - a +5 ring of slaying
   (You found it on level 11 of the Dungeon)
 r - a +6 ring of evasion (right hand)
 u - the ring "Zyogh" {rC+ MR+ Str+4 Slay+3}
   (You found it on level 2 of the Elven Halls)

   [ring of slaying]

   It affects your strength (+4).
   It affects your accuracy and damage with ranged weapons and melee attacks
   (+3).
   It protects you from cold.
   It affects your resistance to hostile enchantments.
 D - the amulet of Vitality (around neck) {Regen+ HP+15}
   (You took it off a yaktaur on level 2 of the Depths)

   [amulet of regeneration]

   It affects your health (+15).
   It increases your rate of regeneration.
 G - the ring of Errosuhi (left hand) {rF+ MP+9 Str+3 SInv}
   (You took it off a vault warden on level 5 of the Vaults)

   [ring of see invisible]

   It affects your strength (+3).
   It protects you from fire.
   It affects your magic capacity (+9).
   It lets you see invisible.
 O - an uncursed ring of resist corrosion
Wands
 o - a wand of acid (14)
 q - a wand of iceblast (45)
 s - a wand of scattershot (4)
 z - a wand of digging (2)
Scrolls
 h - 7 scrolls of blinking {@r2!r}
 m - 3 scrolls of fear
 p - a scroll of summoning {!r}
 t - 10 scrolls of remove curse
 w - 13 scrolls of identify
 K - 21 scrolls of teleportation {@r1!r}
 M - 8 scrolls of fog
 X - 2 scrolls of enchant armour
Potions
 d - 6 potions of cancellation
 f - 24 potions of curing {@q1}
 l - 10 potions of ambrosia
 A - 8 potions of magic
 E - 3 potions of flight
 R - a potion of invisibility
 W - 8 potions of lignification {!q}
Miscellaneous
 k - a fan of gales (inert)
 x - a lightning rod (4/4)
 L - a phial of floods
 N - a lamp of fire
 P - 2 boxes of beasts
 T - 3 sacks of spiders
Comestibles
 c - 48 rations {@e1}


   Skills:
 + Level 24.1 Fighting
 - Level 14.0 Polearms
 - Level 10.0 Throwing
 + Level 18.0 Armour
 + Level 18.6 Dodging
 + Level 19.9 Shields
 - Level 12.0 Invocations
 - Level 6.2 Evocations


You had 17 spell levels left.
You knew the following spells:

 Your Spells              Type           Power        Failure   Level  Hunger
a - Apportation           Tloc           #.....       100%        1    ##.....
r - Regeneration          Chrm/Necr      #.........   100%        3    ####...
v - Lesser Beckoning      Tloc           #.........   100%        3    ####...
z - Passwall              Tmut/Erth      #.......     100%        2    ###....

Your spell library contained the following spells:

 Spells                   Type           Power        Failure   Level  Hunger
 Animate Skeleton         Necr           N/A          100%        1    ##.....
 Beastly Appendage        Tmut           #.....       100%        1    ##.....
 Confusing Touch          Hex            #.....       100%        1    ##.....
 Corona                   Hex            #......      100%        1    ##.....
 Flame Tongue             Conj/Fire      #....        100%        1    ##.....
 Freeze                   Ice            #...         100%        1    ##.....
 Infusion                 Chrm           #...         100%        1    ##.....
 Magic Dart               Conj           #...         100%        1    ##.....
 Pain                     Necr           #...         100%        1    ##.....
 Sandblast                Erth           #.....       100%        1    ##.....
 Shock                    Conj/Air       #...         100%        1    ##.....
 Summon Small Mammal      Summ           #...         100%        1    ##.....
 Blink                    Tloc           N/A          100%        2    ###....
 Call Imp                 Summ           #.......     100%        2    ###....
 Corpse Rot               Necr           N/A          100%        2    ###....
 Ensorcelled Hibernation  Hex/Ice        #.....       100%        2    ###....
 Searing Ray              Conj           #.....       100%        2    ###....
 Shroud of Golubria       Chrm/Tloc      #.........   100%        2    ###....
 Slow                     Hex            #.......     100%        2    ###....
 Sticks to Snakes         Tmut           #.......     100%        2    ###....
 Sublimation of Blood     Necr           #.........   100%        2    ###....
 Swiftness                Chrm/Air       #.......     100%        2    ###....
 Throw Flame              Conj/Fire      #.....       100%        2    ###....
 Throw Frost              Conj/Ice       #.....       100%        2    ###....
 Call Canine Familiar     Summ           #.......     100%        3    ####...
 Confuse                  Hex            #.......     100%        3    ####...
 Conjure Flame            Conj/Fire      #.......     100%        3    ####...
 Dazzling Spray           Conj/Hex       #.....       100%        3    ####...
 Gell's Gravitas          Tloc           #.........   100%        3    ####...
 Ignite Poison            Fire/Tmut/Pois #.......     100%        3    ####...
 Inner Flame              Hex/Fire       #.......     100%        3    ####...
 Ozocubu's Armour         Chrm/Ice       #.......     100%        3    ####...
 Portal Projectile        Hex/Tloc       #.....       100%        3    ####...
 Recall                   Summ/Tloc      N/A          100%        3    ####...
 Spider Form              Tmut/Pois      #.........   100%        3    ####...
 Static Discharge         Conj/Air       #.......     100%        3    ####...
 Stone Arrow              Conj/Erth      #.....       100%        3    ####...
 Summon Guardian Golem    Hex/Summ       #.......     100%        3    ####...
 Teleport Other           Tloc           #.......     100%        3    ####...
 Tukima's Dance           Hex            #.......     100%        3    ####...
 Vampiric Draining        Necr           #.........   100%        3    ####...
 Airstrike                Air            #.........   100%        4    #####..
 Animate Dead             Necr           N/A          100%        4    #####..
 Cause Fear               Hex            #.........   100%        4    #####..
 Force Lance              Conj/Tloc      #.......     100%        4    #####..
 Fulminant Prism          Conj/Hex       #.........   100%        4    #####..
 Ice Form                 Ice/Tmut       #.......     100%        4    #####..
 Iskenderun's Mystic Bla  Conj           #.......     100%        4    #####..
 Leda's Liquefaction      Hex/Erth       #.........   100%        4    #####..
 Olgreb's Toxic Radiance  Pois           #.......     100%        4    #####..
 Petrify                  Tmut/Erth      #.......     100%        4    #####..
 Sticky Flame             Conj/Fire      #.......     100%        4    #####..
 Summon Ice Beast         Ice/Summ       #.......     100%        4    #####..
 Summon Lightning Spire   Summ/Air       #.......     100%        4    #####..
 Throw Icicle             Conj/Ice       #.......     100%        4    #####..
 Agony                    Necr           #.......     100%        5    ######.
 Alistair's Intoxication  Tmut/Pois      #.......     100%        5    ######.
 Aura of Abjuration       Summ           #.........   100%        5    ######.
 Blade Hands              Tmut           #.........   100%        5    ######.
 Bolt of Draining         Conj/Necr      #.........   100%        5    ######.
 Bolt of Magma            Conj/Fire/Erth #.........   100%        5    ######.
 Borgnjor's Vile Clutch   Necr/Erth      #.........   100%        5    ######.
 Dispel Undead            Necr           #.......     100%        5    ######.
 Excruciating Wounds      Chrm/Necr      #.........   100%        5    ######.
 Fireball                 Conj/Fire      #.........   100%        5    ######.
 Irradiate                Conj/Tmut      #.........   100%        5    ######.
 Iskenderun's Battlesphe  Conj/Chrm      #.......     100%        5    ######.
 Lee's Rapid Deconstruct  Erth           #.........   100%        5    ######.
 Lightning Bolt           Conj/Air       #.........   100%        5    ######.
 Silence                  Hex/Air        #.........   100%        5    ######.
 Summon Demon             Summ           #.........   100%        5    ######.
 Summon Forest            Summ/Tloc      #.........   100%        5    ######.
 Summon Mana Viper        Hex/Summ       #.......     100%        5    ######.
 Venom Bolt               Conj/Pois      #.........   100%        5    ######.
 Bolt of Fire             Conj/Fire      #.........   100%        6    #######
 Darkness                 Hex            #.........   100%        6    #######
 Death Channel            Necr           #.........   100%        6    #######
 Deflect Missiles         Chrm/Air       #.........   100%        6    #######
 Hydra Form               Tmut           #.........   100%        6    #######
 Invisibility             Hex            #.......     100%        6    #######
 Iron Shot                Conj/Erth      #.........   100%        6    #######
 Poison Arrow             Conj/Pois      #.........   100%        6    #######
 Shadow Creatures         Summ           N/A          100%        6    #######
 Simulacrum               Ice/Necr       #.........   100%        6    #######
 Statue Form              Tmut/Erth      #........    100%        6    #######
 Dragon Form              Tmut           #.........   100%        7    #######
 Malign Gateway           Summ/Tloc      #.........   100%        7    #######
 Monstrous Menagerie      Summ           #.........   100%        7    #######
 Orb of Destruction       Conj           #.........   100%        7    #######
 Ring of Flames           Chrm/Fire      #.........   100%        7    #######
 Spellforged Servitor     Conj/Summ      #.........   100%        7    #######
 Summon Greater Demon     Summ           #.........   100%        7    #######
 Chain Lightning          Conj/Air       #.........   100%        8    #######
 Ignition                 Fire           #.........   100%        8    #######
 Lehudib's Crystal Spear  Conj/Erth      #.........   100%        8    #######
 Summon Horrible Things   Summ           #.........   100%        8    #######
 Dragon's Call            Summ           #.........   100%        9    #######
 Fire Storm               Conj/Fire      #.........   100%        9    #######
 Glaciate                 Conj/Ice       #.........   100%        9    #######
 Shatter                  Erth           #.........   100%        9    #######
 Tornado                  Air            #.........   100%        9    #######
 Passage of Golubria      Tloc           Unusable     N/A         4    N/A

Dungeon Overview and Level Annotations

Branches:
Dungeon (15/15)            Temple (0/1) D:7            Lair (6/6) D:9
 Shoals (4/4) Lair:2       Spider (4/4) Lair:3        Slime (0/5) Lair:6
    Orc (2/2) D:12            Elf (3/3) Orc:2        Vaults (5/5) D:14
  Crypt (0/3) Vaults:3     Depths (5/5) D:15            Zot (5/5) Depths:5

Altars:
Ashenzari
Dithmenos
Fedhas
Gozag
Kikubaaqudgha
Makhleb
Nemelex Xobeh
Okawaru
Trog
Uskayaw
Xom
Yredelemnul
Beogh

Shops:
Orc:2 (=*[!   Shoals:3 ?   Shoals:4 *   Vaults:3 %   Depths:1 (:   Depths:4 }

Portals:
Hell: Depths:1 Depths:2 Depths:3 Depths:4 Depths:5
Abyss: Depths:2 Depths:4
Pandemonium: Depths:3 Depths:4
Ziggurat: Depths:1

Annotations:
D:10 1 runed door, exclusion: 2 orange crystal statues
Lair:3 exclusions: downstairs and oklob plant
Lair:4 exclusions: oklob plant and upstairs
Spider:4 1 runed door, ThePrince's ghost, adept DsFE
Elf:2 5 runed doors
Zot:3 3 runed doors, exclusions: obsidian statue and 1 more exclusion, Vetuofex's ghost, legendary DsAK
Zot:4 1 exclusion
Zot:5 1 exclusion
Abyss:1 Erica, Louise


Innate Abilities, Weirdness & Mutations

You have razor-sharp teeth.
You heal very quickly.
When hurt, damage is shared between your health and your magic reserves.
Your bite disrupts and absorbs the magic of your enemies.
Potions cannot restore your health.
You are immune to rotting.
You have a pair of small antennae on your head.
You have large cloven feet.
Armour fits poorly on your strangely shaped body.
Your system is resistant to poisons. (rPois)
You are covered in fur. (AC +1)


Message History

The sun demon is moderately wounded.
You block the sun demon's attack.
You hit the sun demon.
You bite the sun demon, but do no damage.
The sun demon is moderately wounded.
You block the sun demon's attack.
You puncture the sun demon! Your bite misses the sun demon.
The sun demon is heavily wounded.
You hit the sun demon but do no damage. You bite the sun demon!!
You drain its power.
The sun demon is almost dead.
You block the sun demon's attack.
You closely miss the sun demon. You bite the sun demon.
You kill the sun demon!
Lugonu accepts your kill.
No target in view!
No target in view!
There is a staircase leading out of the dungeon here.
There is a staircase leading out of the dungeon here.
You have escaped!

♣♣ ♣
♣♣♣P♣
♣♣♣♣♣♣
≈≈≈♣♣♣..♣
♣P...♣♣
≈≈≈♣
♣.♣.♣
♣..@..♣♣
≈♣ ♣♣.♣♣
♣......♣
♣♣ ♣.♣♣
♣.♣..♣♣♣
♣♣.♣♣
♣♣..♣♣
♣♣.♣
♣♣.♣♣
♣♣♣..♣
♣..♣ ♣
♣♣.[♣♣♣
♣♣.♣ ♣♣
♣♣.♣♣♣
♣.♣
.♣♣♣.♣♣
♣♣♣.♣


There were no monsters in sight!

Vanquished Creatures
  4 ancient liches
  6 orbs of fire
  A juggernaut (Depths:5)
  Sojobo (Vaults:2)
  Xtahua (Depths:5)
  A caustic shrike (Depths:2)
  Saint Roka (Depths:2)
  A pandemonium lord (D:3)
  4 Killer Klowns (Zot:5)
  10 golden dragons
  Nikola (Elf:1)
  A Tzitzimitl (Depths:4)
  3 electric golems
  14 liches
  9 tentacled monstrosities
  26 Orb Guardians
  5 titans (Vaults:5)
  6 quicksilver dragons
  2 deep elf master archers (Elf:3)
  4 deep elf blademasters (Elf:3)
  3 sphinxes
  An Executioner (D:12)
  5 death cobs
  Polyphemus (Shoals:4)
  12 shadow dragons
  Agnes (Elf:1)
  23 storm dragons
  13 tengu reavers
  4 fire giants
  5 draconian knights
  6 draconian monks
  6 frost giants
  5 iron dragons
  2 draconian scorchers
  3 orc warlords
  5 deep elf sorcerers
  A corrupter (D:15)
  20 vault wardens
  6 ghost moths
  3 draconian shifters
  3 deep elf elementalists (Elf:3)
  2 caustic shrike zombies (Depths:4)
  11 ironheart preservers
  6 draconian stormcallers
  3 spriggan defenders
  8 very ugly things
  A war gargoyle (Vaults:5)
  5 emperor scorpions
  4 draconian annihilators
  4 reapers (Depths:4)
  27 stone giants
  A juggernaut skeleton (Depths:4)
  3 entropy weavers
  A caustic shrike skeleton (Depths:4)
  A blood saint (D:15)
  10 green draconians
  3 vampire knights (Depths:2)
  8 red draconians
  5 black draconians
  7 deep elf annihilators (Elf:3)
  A lorocyproca (Depths:1)
  7 white draconians
  8 deep elf demonologists
  A minotaur (Lab)
  3 purple draconians
  12 yellow draconians
  9 spark wasps
  Azrael (D:12)
  5 dire elephants (Lair:6)
  4 merfolk javelineers
  11 ettins
  9 deep elf death magi
  Josephine (Orc:1)
  A quicksilver dragon zombie (Depths:4)
  10 fire dragons
  9 deep elf high priests
  12 merfolk impalers
  20 yaktaur captains
  3 great orbs of eyes
  2 rakshasas
  Erolcha (Orc:2)
  Harold (D:9)
  A catoblepas (D:15)
  10 ice dragons
  A hell beast (D:1)
  2 merfolk avatars
  An ice dragon (shapeshifter) (Vaults:5)
  34 vault guards
  6 hydras
  7 spriggan air magi
  9 centaur warriors
  A juggernaut simulacrum (Depths:4)
  8 merfolk aquamancers
  10 ogre magi
  An anaconda (Lair:6)
  3 satyrs
  8 dancing weapons
  42 two-headed ogres
  2 death knights
  7 tengu warriors
  5 deep troll earth magi
  7 deep troll shamans
  8 death yaks
  5 spriggan berserkers
  4 orc high priests
  5 titan skeletons
  2 vampire magi
  3 sun demons
  A storm dragon zombie (Depths:4)
  12 hell knights
  A fire crab (shapeshifter) (Vaults:5)
  18 deep elf knights
  3 soul eaters (Depths:4)
  3 shadow wraiths
  A spark wasp zombie (Depths:3)
  6 iron trolls
  2 unseen horrors
  2 glowing orange brains (shapeshifter)
  4 flayed ghosts
  4 glowing orange brains
  31 deep trolls
  18 sea snakes
  3 shadow dragon zombies
  4 wizards
  A swamp dragon (Zot:1)
  A kraken simulacrum (Shoals:4)
  A swamp dragon (shapeshifter) (Vaults:1)
  20 necromancers
  10 orb spiders
  2 orange crystal statues (D:10)
  13 deep elf archers
  9 large abominations
  2 tengu zombies
  11 harpies
  20 ironbrand convokers
  Pikel (D:8)
  25 orc knights
  A phantasmal warrior (Vaults:5)
  38 ugly things
  2 shadow dragon skeletons (Depths:4)
  50 deep elf magi
  A golden dragon skeleton (Depths:3)
  A wolf spider (shapeshifter) (Depths:2)
  3 sphinx zombies
  37 wolf spiders
  A fire giant zombie (Depths:3)
  A frost giant zombie (Depths:4)
  9 cyclopes
  2 salamanders (Depths:1)
  8 orc sorcerers
  11 manticores
  8 fauns
  2 iron dragon skeletons
  15 moths of wrath
  A rust devil (Depths:5)
  A tengu skeleton (Depths:4)
  4 elephants (Lair:6)
  6 merfolk sirens
  A naga mage (D:15)
  2 frost giant skeletons
  2 orange demons
  8 water nymphs
  15 vault sentinels
  5 black mambas
  A titan simulacrum (Depths:3)
  A spiny frog (shapeshifter) (Vaults:5)
  A gargoyle (D:11)
  A torpor snail (Spider:4)
  2 smoke demons
  The ghost of Jaiteiro the Charmwright, a novice GnSk (D:5)
  A rime drake (Lair:6)
  11 komodo dragons
  8 spiny frogs
  An elf zombie (Depths:3)
  4 kobold demonologists
  8 freezing wraiths
  A storm dragon simulacrum (Depths:4)
  72 yaktaurs
  3 hellwings
  7 demonic crawlers
  5 elf skeletons
  4 tengu conjurers
  37 jumping spiders
  A wind drake (shapeshifter) (Elf:2)
  2 queen bees (shapeshifter)
  A queen bee (Depths:2)
  2 red devils
  31 merfolk
  8 trolls
  2 polar bears
  2 raiju (shapeshifter)
  15 hornets
  A frost giant simulacrum (Vaults:4)
  2 blink frogs (shapeshifter)
  3 meliai (Spider:4)
  6 wind drakes
  12 slime creatures
  11 snapping turtles
  13 hippogriffs
  7 dream sheep
  A dream sheep (shapeshifter) (Vaults:1)
  A centaur simulacrum (D:14)
  An air elemental (Elf:1)
  A spriggan (shapeshifter) (Vaults:5)
  A shadow (D:12)
  6 spriggans
  71 redbacks
  41 yaks
  18 water elementals
  5 wyverns
  A spriggan simulacrum (Depths:4)
  7 wraiths
  21 tarantellas
  7 fire elementals
  Grum (D:8)
  10 small abominations
  A basilisk (Spider:3)
  A fire bat (shapeshifter) (Vaults:5)
  A human (D:7)
  A yak (shapeshifter) (Vaults:5)
  A hog (shapeshifter) (Vaults:3)
  4 hogs (D:7)
  A golden eye (shapeshifter) (Vaults:3)
  2 steam dragons (D:9)
  2 chaos spawn (Depths:4)
  6 vampire mosquitoes
  Menkaure (D:4)
  6 acid dragons
  An ogre zombie (Vaults:1)
  6 wargs
  A swamp worm (shapeshifter) (Vaults:3)
  A deep troll zombie (Vaults:4)
  11 water moccasins
  A hell hound (D:12)
  5 porcupines
  60 orc warriors
  A phantom (D:11)
  A floating eye (Depths:4)
  2 ice beasts
  3 sky beasts
  2 sky beasts (shapeshifter)
  An eye of draining (D:13)
  A black bear (shapeshifter) (Vaults:5)
  A black bear (D:8)
  An orc zombie (Vaults:1)
  An eye of draining (shapeshifter) (Vaults:1)
  18 centaurs
  30 ogres
  16 wolves
  A necrophage (D:7)
  A boggart (Vaults:2)
  5 human zombies
  11 crocodiles
  An elf simulacrum (Depths:4)
  A big kobold (Depths:5)
  A gnoll sergeant (D:5)
  19 bullfrogs
  A human skeleton (Vaults:3)
  A wyvern skeleton (D:11)
  2 glowing shapeshifter simulacra
  2 earth elementals
  7 scorpions
  31 killer bees
  8 wights
  A howler monkey (D:8)
  6 electric eels
  A bullfrog zombie (D:12)
  10 crimson imps
  A quasit (Zot:1)
  3 centaur zombies
  2 human simulacra
  7 hounds
  3 jellies
  4 bullfrog skeletons
  6 centaur skeletons
  29 orc priests
  An iron imp (D:5)
  Natasha (thrice) (D:3)
  7 iguanas
  35 orc wizards
  9 worker ants
  2 hound zombies
  A hound skeleton (D:8)
  A worker ant zombie (D:9)
  A howler monkey skeleton (D:10)
  13 adders
  16 gnolls
  5 shadow imps
  3 oozes (Lair:6)
  An adder zombie (D:6)
  2 worms
  4 dart slugs
  5 leopard geckos
  136 orcs
  6 ball pythons
  5 bats
  6 giant cockroaches
  17 goblins
  12 hobgoblins
  5 jackals
  4 kobolds
  6 quokkas
  2 frilled lizards (D:5)
  A jackal skeleton (D:5)
  A leopard gecko skeleton (D:9)
  3 quokka skeletons
  A quokka zombie (D:4)
  4 rats
  2 crawling corpses (Vaults:5)
  9 plants
2292 creatures vanquished.

Vanquished Creatures (collateral kills)
  A dire elephant (Lair:6)
  A wizard (D:14)
2 creatures vanquished.

Vanquished Creatures (others)
  A draconian monk (Zot:3)
  A draconian knight (Zot:3)
  2 vault wardens
  4 entropy weavers
  2 very ugly things (Vaults:2)
  A stone giant (Depths:2)
  A war gargoyle (Vaults:5)
  A purple draconian (Zot:5)
  The ghost of Buenic the Grappler, a journeyman TrTm of Cheibriados (Lair:1)
  2 deep elf death magi (Depths:4)
  A merfolk impaler (Shoals:3)
  A deep elf high priest (Elf:3)
  A yaktaur captain (Vaults:4)
  4 hydras
  A vault guard (Vaults:2)
  A catoblepas (Shoals:4)
  A centaur warrior (Vaults:1)
  A two-headed ogre (D:8)
  A deep troll shaman (Depths:4)
  A vampire mage (Depths:3)
  A deep troll earth mage (Depths:4)
  A hell knight (Depths:2)
  A death drake (shapeshifter) (Vaults:1)
  A sea snake (Shoals:4)
  A harpy (shapeshifter) (Vaults:5)
  A deep elf archer (Elf:1)
  2 wizards
  3 orb spiders (Spider:2)
  5 ironbrand convokers
  An oklob plant (Lair:6)
  A faun (Shoals:2)
  An ugly thing (D:10)
  A moth of wrath (shapeshifter) (Vaults:5)
  2 cyclopes
  3 manticores
  3 moths of wrath
  A centaur zombie (D:12)
  2 vault sentinels (Vaults:4)
  A spiny frog (shapeshifter) (Spider:4)
  A komodo dragon (Lair:6)
  12 yaktaurs
  2 tormentors
  A merfolk (Shoals:3)
  4 basilisks
  A water elemental (Elf:3)
  2 acid dragons
  An orc warrior (D:10)
  A slave (D:8)
  2 ogres
  A wolf (D:8)
  2 centaurs (Vaults:4)
  A wight (D:10)
  A crimson imp (D:8)
  A jelly (D:12)
  An orc wizard (D:11)
  A leopard gecko (D:8)
  6 orcs
  A leopard gecko skeleton (D:8)
  3 fungi
  25 plants
131 creatures vanquished.

Grand Total: 2425 creatures vanquished

Notes
Turn   | Place    | Note
-------+----------+-------------------------------------------
     0 | Abyss:1  | NicuTudor the Vine Stalker Abyssal Knight began the quest
                  | for the Orb.
     0 | Abyss:1  | Reached XP level 1. HP: 11/11 MP: 3/3
     0 | D:1      | Escaped the Abyss
   278 | D:1      | Reached * piety under Lugonu
   316 | D:1      | Reached XP level 2. HP: 16/16 MP: 4/4
  1167 | D:1      | Reached skill level 3 in Fighting
  1267 | D:2      | Reached XP level 3. HP: 16/20 MP: 5/5
  2020 | D:2      | Gained mutation: Your natural rate of healing is unusually
                  | fast. [Vine Stalker growth]
  2020 | D:2      | Reached XP level 4. HP: 23/24 MP: 4/6
  2431 | D:3      | Reached ** piety under Lugonu
  2480 | D:3      | Found an iron altar of Okawaru.
  2640 | D:3      | Reached XP level 5. HP: 24/29 MP: 7/7
  2642 | D:3      | Reached skill level 1 in Evocations
  2917 | D:3      | Noticed Natasha
  2933 | D:3      | Killed Natasha
  3170 | D:4      | Noticed Menkaure
  3257 | D:4      | Noticed an ogre
  3338 | D:5      | Entered Level 5 of the Dungeon
  3344 | D:5      | Reached XP level 6. HP: 33/33 MP: 8/8
  3382 | D:3      | Reached skill level 4 in Fighting
  3751 | D:4      | HP: 8/34 [poisoned by a scorpion]
  3756 | D:4      | HP: 4/34 [poisoned by a scorpion]
  3761 | D:4      | HP: 2/34 [poisoned by a scorpion]
  3766 | D:4      | HP: 2/34 [poisoned by a scorpion]
  3774 | D:4      | HP: 2/34 [poisoned by a scorpion]
  3780 | D:4      | HP: 3/34 [poisoned by a scorpion]
  3785 | D:4      | HP: 3/34 [poisoned by a scorpion]
  3791 | D:4      | HP: 5/34 [poisoned by a scorpion]
  3797 | D:4      | HP: 5/34 [poisoned by a scorpion]
  3933 | D:5      | Found a runed gate.
  3933 | D:5      | Found a runed gate.
  3934 | D:5      | Found a runed gate.
  3939 | D:5      | Noticed Jaiteiro's ghost (novice GnSk)
  3983 | D:5      | Reached XP level 7. HP: 28/38 MP: 6/9
  3997 | D:5      | Reached skill level 5 in Fighting
  4340 | D:5      | Reached skill level 1 in Dodging
  4505 | D:5      | Found a roughly hewn altar of Beogh.
  4610 | D:5      | Reached skill level 5 in Polearms
  4677 | D:6      | Found a shimmering altar of Xom.
  4707 | D:6      | Found a sparkling altar of Nemelex Xobeh.
  4806 | D:6      | Gained mutation: You have razor-sharp teeth. [Vine Stalker
                  | growth]
  4806 | D:6      | Reached XP level 8. HP: 35/43 MP: 10/10
  5128 | D:6      | Found a burning altar of Makhleb.
  5799 | D:7      | Reached *** piety under Lugonu
  5857 | D:7      | Found a staircase to the Ecumenical Temple.
  6048 | D:7      | HP: 8/43 [killer bee (3)]
  6053 | D:7      | HP: 6/43 [poisoned by a killer bee]
  6058 | D:6      | HP: 7/43 [poisoned by a killer bee]
  6066 | D:6      | HP: 9/43 [poisoned by a killer bee]
  6310 | D:7      | Reached XP level 9. HP: 44/47 MP: 13/13
  6325 | D:7      | Reached skill level 5 in Invocations
  6655 | D:7      | Noticed a dagger
  6656 | D:7      | Found a hide-covered altar of Uskayaw.
  6691 | D:7      | Noticed a dagger
  6987 | D:4      | Got a steaming long sword
  7269 | D:8      | Noticed Pikel
  7311 | D:8      | Killed Pikel
  7493 | D:8      | Reached skill level 6 in Fighting
  7554 | D:8      | Noticed a two-headed ogre
  7558 | D:8      | Banished a two-headed ogre
  7558 | D:8      | Reached XP level 10. HP: 53/53 MP: 16/16
  7563 | D:8      | Noticed Grum
  7591 | D:8      | Killed Grum
  7776 | D:8      | Noticed a two-headed ogre
  7919 | D:8      | Found a shadowy altar of Dithmenos.
  8029 | D:8      | Found the +3 crown of Dyrovepreva {rElec Int+2 SInv}
  8069 | D:8      | @@@AC=16
  8175 | D:8      | Reached skill level 7 in Fighting
  8684 | D:8      | Banished a two-headed ogre
  9238 | D:4      | Killed Menkaure
  9316 | D:4      | Found a blossoming altar of Fedhas.
  9400 | D:3      | Noticed Natasha
  9412 | D:3      | Killed Natasha
  9607 | D:3      | Noticed Natasha
  9611 | D:3      | Killed Natasha
  9845 | D:9      | Found a bloodstained altar of Trog.
 10071 | D:9      | Noticed Harold
 10089 | D:9      | Killed Harold
 10089 | D:9      | Reached skill level 8 in Fighting
 10242 | D:9      | Found a staircase to the Lair.
 10493 | D:10     | Entered Level 10 of the Dungeon
 10525 | D:10     | Reached skill level 10 in Polearms
 10586 | D:9      | Reached XP level 11. HP: 41/60 MP: 10/17
 10895 | D:10     | Found a runed door.
 10896 | D:10     | Noticed an orange crystal statue
 11097 | D:10     | Reached skill level 9 in Fighting
 11666 | D:10     | Found the +10 large shield of Ignorance {rN+ Int-4}
 11672 | D:10     | Found a runed door.
 12033 | D:11     | Noticed a green ugly thing
 12052 | D:10     | Banished a green ugly thing
 12312 | D:11     | Noticed a cyclops
 12404 | D:11     | Noticed a two-headed ogre
 12799 | D:5      | Killed Jaiteiro's ghost
 12813 | D:5      | Reached **** piety under Lugonu
 12968 | Lair:1   | Entered Level 1 of the Lair of Beasts
 13089 | Lair:1   | Reached skill level 5 in Armour
 13393 | Lair:1   | Found a transporter.
 13396 | Lair:1   | Noticed Buenic's ghost (journeyman TrTm)
 13398 | Lair:1   | Found a transporter.
 13451 | Lair:1   | Reached skill level 10 in Fighting
 14281 | Lair:2   | Noticed Erica
 14283 | Lair:2   | Banished Erica
 14291 | Lair:2   | Reached skill level 5 in Dodging
 14490 | Lair:2   | Gained mutation: You heal very quickly. [Vine Stalker
                  | growth]
 14490 | Lair:2   | Reached XP level 12. HP: 66/68 MP: 18/18
 14566 | Lair:2   | Found a staircase to the Shoals.
 15109 | Lair:3   | Noticed an eight-headed hydra
 15110 | Lair:3   | Banished an eight-headed hydra
 15188 | Lair:3   | Reached skill level 11 in Fighting
 15218 | Lair:3   | Found a hole to the Spider Nest.
 15880 | Lair:4   | Noticed a seven-headed hydra
 15883 | Lair:4   | Banished a seven-headed hydra
 16111 | Lair:4   | Noticed a death yak
 16155 | Lair:4   | Noticed a death yak
 16180 | Lair:4   | Killed a death yak
 16186 | Lair:4   | Noticed a death yak
 16186 | Lair:4   | Noticed a death yak
 16216 | Lair:3   | Killed a death yak
 16295 | Lair:4   | Noticed a death yak
 16314 | Lair:3   | Killed a death yak
 16314 | Lair:3   | Reached skill level 12 in Fighting
 16405 | Lair:3   | Killed a death yak
 16459 | Lair:3   | Killed a death yak
 16459 | Lair:3   | Reached XP level 13. HP: 61/75 MP: 19/19
 17451 | Lair:5   | Identified a scroll of acquirement
 17899 | Lair:6   | Entered Level 6 of the Lair of Beasts
 18073 | Lair:6   | Found a staircase to the Slime Pits.
 19574 | Lair:6   | Noticed a dire elephant
 19614 | Lair:6   | Killed a dire elephant
 19661 | Lair:6   | Noticed a dire elephant
 19661 | Lair:6   | Noticed a dire elephant
 19667 | Lair:6   | Got a scorched steel ring
 19732 | Lair:6   | Identified the ring of Lallo {*Drain +Fly rElec Dex+4
                  | Stlth+} (You found it on level 6 of the Lair of Beasts)
 19737 | Lair:6   | Noticed a dire elephant
 19773 | Lair:6   | Killed a dire elephant
 19859 | Lair:6   | Killed a dire elephant
 19939 | Lair:6   | Killed a dire elephant
 20021 | Lair:6   | Noticed a dire elephant
 20043 | Lair:6   | Noticed a dire elephant
 20053 | Lair:6   | Killed a dire elephant
 20149 | Lair:6   | Killed a dire elephant
 20149 | Lair:6   | Reached XP level 14. HP: 53/81 MP: 11/21
 20789 | D:11     | Found a runed door.
 21260 | D:11     | Reached skill level 13 in Fighting
 21878 | D:12     | Reached ***** piety under Lugonu
 21942 | D:12     | Noticed Azrael
 21970 | D:12     | Killed Azrael
 22083 | D:12     | Found a roughly hewn altar of Beogh.
 22083 | D:12     | Found a staircase to the Orcish Mines.
 22247 | D:13     | Found a flagged portal.
 22264 | Bailey   | Entered a bailey
 22327 | Bailey   | Found an iron altar of Okawaru.
 23139 | Bailey   | Identified the +0 pair of boots of the Valley of Death
                  | {+Inv rElec} (You found it in a bailey)
 24515 | D:14     | Reached skill level 5 in Evocations
 24780 | D:14     | Reached skill level 10 in Invocations
 24902 | D:14     | Reached skill level 1 in Shields
 24902 | D:14     | Reached XP level 15. HP: 86/86 MP: 23/23
 25173 | D:14     | Found a gate to the Vaults.
 25337 | D:15     | Entered Level 15 of the Dungeon
 25743 | D:15     | Reached skill level 5 in Shields
 25921 | D:15     | Found a staircase to the Depths.
 26759 | Lair:1   | Banished Buenic's ghost
 27337 | Orc:1    | Entered Level 1 of the Orcish Mines
 27870 | Orc:1    | Noticed Josephine
 27893 | Orc:1    | Killed Josephine
 27893 | Orc:1    | Reached ****** piety under Lugonu
 28186 | Orc:1    | Found a roughly hewn altar of Beogh.
 28422 | Orc:2    | Entered Level 2 of the Orcish Mines
 28439 | Orc:2    | Found a labyrinth entrance.
 28462 | Lab      | Entered a labyrinth
 28716 | Lab      | Got a translucent scale mail
 28722 | Lab      | Got a crystal falchion {vamp}
 28729 | Lab      | Found the +8 trident of the Octopus King {venom, rElec
                  | rPois MR+}
 29178 | Orc:2    | Noticed Erolcha
 29192 | Orc:2    | Killed Erolcha
 29584 | Orc:2    | Noticed an orc warlord
 29627 | Orc:2    | Killed an orc warlord
 29818 | Orc:2    | Found a roughly hewn altar of Beogh.
 29877 | Orc:2    | Reached XP level 16. HP: 91/91 MP: 24/24
 29900 | Orc:2    | Found Xyimash's Jewellery Shop.
 29930 | Orc:2    | Found Iwiqairr's Antique Weapon Shop.
 29946 | Orc:2    | Found Xoluofuo's Antique Armour Shop.
 29962 | Orc:2    | Found Rosamn's General Store.
 29970 | Orc:2    | Bought a scroll of blinking for 82 gold pieces
 29970 | Orc:2    | Bought a scroll of teleportation for 33 gold pieces
 29970 | Orc:2    | Bought a potion of curing for 33 gold pieces
 30253 | Lair:1   | Identified the +6 scale mail of Misanthropy {+Blink rC+}
                  | (You took it off a minotaur in a labyrinth)
 30326 | Spider:1 | Entered Level 1 of the Spider Nest
 31734 | Spider:2 | Noticed Louise
 31736 | Spider:2 | Banished Louise
 32883 | Spider:3 | Reached skill level 10 in Shields
 32967 | Spider:3 | Reached skill level 10 in Armour
 33170 | Spider:3 | Reached skill level 10 in Dodging
 33584 | Spider:4 | Entered Level 4 of the Spider Nest
 33871 | Spider:4 | Reached XP level 17. HP: 72/95 MP: 22/25
 34102 | Spider:4 | Found a runed door.
 34102 | Spider:4 | Found a shimmering altar of Xom.
 34102 | Spider:4 | Noticed ThePrince's ghost (adept DsFE)
 35371 | Spider:4 | Got a gossamer rune of Zot
 35567 | Shoals:1 | Entered Level 1 of the Shoals
 36909 | Shoals:2 | Reached skill level 14 in Fighting
 37423 | Shoals:2 | Reached skill level 1 in Throwing
 37423 | Shoals:2 | Reached XP level 18. HP: 102/102 MP: 26/26
 37833 | Shoals:3 | Found Zulayg's Magic Scroll Boutique.
 37872 | Shoals:3 | Bought a scroll of fog for 36 gold pieces
 37872 | Shoals:3 | Bought a scroll of holy word for 135 gold pieces
 37872 | Shoals:3 | Bought a scroll of identify for 36 gold pieces
 37872 | Shoals:3 | Bought a scroll of blinking for 135 gold pieces
 37872 | Shoals:3 | Bought a scroll of magic mapping for 63 gold pieces
 38485 | Shoals:4 | Entered Level 4 of the Shoals
 39032 | Shoals:4 | Got a barnacled rune of Zot
 39564 | Shoals:4 | Noticed Polyphemus
 39669 | Shoals:4 | Killed Polyphemus
 39669 | Shoals:4 | Reached skill level 15 in Fighting
 39712 | Shoals:4 | Found Mvyc's Merry Market.
 39856 | Shoals:4 | Bought a scroll of magic mapping for 63 gold pieces
 39856 | Shoals:4 | Bought a potion of mutation for 144 gold pieces
 40136 | Shoals:4 | Identified the cursed +1 pearl dragon scales "Pobru" {+Inv
                  | rElec rPois rN+ Str-4} (You found it on level 4 of the
                  | Shoals)
 40210 | Shoals:4 | Identified Ogax Xiolodd's Reference Book on Self-Knowledge
                  | and Transformation
 41002 | D:14     | Gained mutation: You are partially covered in thin metallic
                  | scales. (AC +2) [potion of mutation]
 41002 | D:14     | Gained mutation: You have sharp toenails. [potion of
                  | mutation]
 41006 | Vaults:1 | Entered Level 1 of the Vaults
 41656 | Vaults:1 | Reached skill level 5 in Throwing
 41696 | Vaults:1 | Reached XP level 19. HP: 108/108 MP: 27/27
 41732 | Vaults:1 | Learned a level 2 spell: Passwall
 41736 | Vaults:1 | Learned a level 3 spell: Lesser Beckoning
 41740 | Vaults:1 | Learned a level 3 spell: Regeneration
 43051 | Vaults:2 | Noticed Sojobo
 43690 | Vaults:3 | Found Fokat's Food Shoppe.
 44006 | Vaults:3 | Reached skill level 15 in Shields
 44596 | Vaults:3 | Reached skill level 16 in Fighting
 44931 | Vaults:3 | Reached XP level 20. HP: 116/116 MP: 28/28
 45349 | Vaults:3 | Reached skill level 17 in Fighting
 45872 | Vaults:3 | Found a staircase to the Crypt.
 45872 | Vaults:3 | Found an ancient bone altar of Kikubaaqudgha.
 45873 | Vaults:3 | Found a basalt altar of Yredelemnul.
 46962 | Vaults:4 | Reached skill level 18 in Fighting
 48118 | Vaults:2 | Reached XP level 21. HP: 103/124 MP: 25/30
 48443 | Orc:2    | Bought an uncursed ring of positive energy for 340 gold
                  | pieces
 48567 | Orc:2    | Found Liothill's Distillery.
 48570 | Orc:2    | Found a staircase to the Elven Halls.
 48576 | Orc:2    | Bought 2 potions of curing for 84 gold pieces
 48576 | Orc:2    | Bought a potion of curing for 42 gold pieces
 48778 | Elf:1    | Entered Level 1 of the Elven Halls
 49081 | Elf:1    | Noticed Agnes
 49096 | Elf:1    | Killed Agnes
 49450 | Elf:1    | Noticed Nikola
 49471 | Elf:1    | Killed Nikola
 50293 | Elf:2    | Found a huge runed gate.
 50293 | Elf:2    | Found a huge runed gate.
 50293 | Elf:2    | Found a huge runed gate.
 50293 | Elf:2    | Found a huge runed gate.
 50293 | Elf:2    | Found a huge runed gate.
 50377 | Elf:2    | Learned a level 1 spell: Apportation
 50641 | Elf:2    | Got a flickering platinum ring
 50642 | Elf:2    | Identified the ring "Zyogh" {rC+ MR+ Str+4 Slay+3} (You
                  | found it on level 2 of the Elven Halls)
 51425 | Elf:3    | Entered Level 3 of the Elven Halls
 52194 | Elf:3    | Reached skill level 19 in Fighting
 52424 | Elf:3    | Found an ancient bone altar of Kikubaaqudgha.
 53022 | Elf:3    | Reached XP level 22. HP: 130/130 MP: 32/32
 53203 | Elf:3    | Identified the +4 chain mail of Vlad {rPois} (You took it
                  | off a deep elf high priest on level 3 of the Elven Halls)
 53345 | Elf:3    | Identified the Catalogue of the Ensnaring Rocks
 53368 | Elf:3    | Identified Utitziest's Collected Works on Displaced Stones
 53376 | Elf:3    | Got a faintly humming scale mail
 53796 | D:15     | Identified the +1 scale mail "Vasum" {MR+ SInv} (You found
                  | it on level 3 of the Elven Halls)
 53812 | D:15     | @@@Merge..
 53993 | Depths:1 | Entered Level 1 of the Depths
 54121 | Depths:1 | Found Caziomarr's Antique Weapon Shop.
 54126 | Depths:1 | Found Vituiz's Book Shop.
 54251 | Depths:1 | Found a gateway to Hell.
 54512 | Depths:1 | Found a gateway to a ziggurat.
 55692 | Depths:2 | Noticed Saint Roka
 55717 | Depths:2 | Killed Saint Roka
 55822 | Depths:2 | Noticed a golden dragon
 55955 | Depths:2 | Found a runed door.
 56365 | Depths:2 | Reached skill level 20 in Fighting
 56570 | Depths:2 | Reached XP level 23. HP: 131/137 MP: 33/33
 57255 | Depths:2 | Killed a golden dragon
 59047 | Depths:2 | Found a one-way gate to the infinite horrors of the Abyss.
 59047 | Depths:2 | Noticed a caustic shrike
 59062 | Depths:2 | Killed a caustic shrike
 59074 | Depths:2 | Noticed a golden dragon
 59081 | Depths:2 | Killed a golden dragon
 59143 | Depths:2 | Identified the +5 scale mail of Unreason {rC+ Dex+9} (You
                  | found it on level 2 of the Depths)
 59931 | Depths:3 | Reached skill level 15 in Dodging
 59972 | Depths:3 | Found a one-way gate leading to the halls of Pandemonium.
 60425 | Depths:3 | Noticed a golden dragon
 60474 | Depths:3 | Killed a golden dragon
 60609 | Depths:4 | Found Kupniem's Gadget Boutique.
 60989 | Depths:4 | Reached XP level 24. HP: 144/144 MP: 33/33
 61218 | Depths:4 | Reached skill level 10 in Throwing
 61319 | Depths:4 | Found a portal to a secret trove of treasure.
 61926 | Depths:4 | Found an ancient bone altar of Kikubaaqudgha.
 62556 | Depths:5 | Entered Level 5 of the Depths
 62559 | Depths:5 | Noticed a juggernaut
 62640 | Depths:5 | Reached skill level 21 in Fighting
 62779 | Depths:5 | Killed a juggernaut
 62944 | Depths:5 | Found a shattered altar of Ashenzari.
 63109 | Depths:5 | Found a gate to the Realm of Zot.
 63131 | Depths:5 | Noticed Xtahua
 63143 | Depths:5 | Killed Xtahua
 63507 | Depths:5 | Reached skill level 15 in Armour
 65536 | Vaults:2 | Reached XP level 25. HP: 150/150 MP: 33/33
 65952 | Vaults:2 | Killed Sojobo
 66211 | Vaults:5 | Entered Level 5 of the Vaults
 66593 | Vaults:5 | Reached skill level 22 in Fighting
 66799 | Vaults:5 | Got a bound steel ring
 67218 | Vaults:5 | Reached XP level 26. HP: 156/156 MP: 33/33
 67267 | Vaults:5 | Identified the ring of Errosuhi {rF+ MP+9 Str+3 SInv} (You
                  | took it off a vault warden on level 5 of the Vaults)
 67673 | Vaults:5 | Found the +8 storm bow {elec}
 67744 | Vaults:5 | Identified the +1 chain mail of Beauty {rPois rF++ Str-5
                  | Int+5} (You found it on level 5 of the Vaults)
 68101 | Vaults:5 | Got a silver rune of Zot
 68638 | Depths:4 | You paid a toll of +3 shadow dragon scales to enter a
                  | treasure trove
 68639 | Trove    | Entered a treasure trove
 68649 | Trove    | Got encrusted gold dragon scales
 68664 | Trove    | Identified the +1 gold dragon scales "Geri" {-Cast rPois
                  | rF+ rC+ Str+5 Stlth+} (You found it in a treasure trove)
 68714 | Trove    | @@@Tipic
 68785 | Zot:1    | Entered Level 1 of the Realm of Zot
 69630 | Zot:1    | Identified Vehumet's Tome of Battle Magic
 69730 | Zot:1    | Noticed an orb of fire
 69756 | Zot:1    | Killed an orb of fire
 70693 | Zot:2    | Reached XP level 27. HP: 163/163 MP: 33/33
 70714 | Zot:2    | Noticed an ancient lich
 70735 | Zot:2    | Killed an ancient lich
 70766 | Zot:2    | Identified the Almanac of Flight and Transmigration
 70769 | Zot:2    | Identified the Almanac of the Fulmar
 71190 | Zot:3    | Noticed an orb of fire
 71196 | Zot:2    | Gained mutation: You are frail. (-10% HP) [an orb of fire]
 71220 | Zot:2    | Killed an orb of fire
 71322 | Zot:2    | Lost mutation: You are partially covered in thin metallic
                  | scales. (AC +2) [potion of mutation]
 71322 | Zot:2    | Lost mutation: You have sharp toenails. [potion of
                  | mutation]
 71322 | Zot:2    | Gained mutation: Your spells are a little easier to cast,
                  | but a little less powerful. [potion of mutation]
 71322 | Zot:2    | Gained mutation: You possess an exceptional clarity of
                  | mind. [potion of mutation]
 71322 | Zot:2    | Lost mutation: Your spells are a little easier to cast, but
                  | a little less powerful. [potion of mutation]
 71322 | Zot:2    | Gained mutation: You expend magic power (3 MP) to
                  | strengthen your wands. [potion of mutation]
 71323 | Zot:2    | Lost mutation: You are frail. (-10% HP) [potion of
                  | mutation]
 71323 | Zot:2    | Lost mutation: You expend magic power (3 MP) to strengthen
                  | your wands. [potion of mutation]
 71323 | Zot:2    | Lost mutation: You possess an exceptional clarity of mind.
                  | [potion of mutation]
 71323 | Zot:2    | Gained mutation: You are frail. (-10% HP) [potion of
                  | mutation]
 71323 | Zot:2    | Gained mutation: You are agile. (Dex +2) [potion of
                  | mutation]
 71324 | Zot:2    | Lost mutation: You are agile. (Dex +2) [potion of mutation]
 71324 | Zot:2    | Lost mutation: You are frail. (-10% HP) [potion of
                  | mutation]
 71324 | Zot:2    | Gained mutation: Scrolls take you a little longer to read.
                  | [potion of mutation]
 71324 | Zot:2    | Gained mutation: Your muscles are strong. (Str +2) [potion
                  | of mutation]
 71325 | Zot:2    | Lost mutation: Scrolls take you a little longer to read.
                  | [potion of mutation]
 71325 | Zot:2    | Lost mutation: Your muscles are strong. (Str +2) [potion of
                  | mutation]
 71325 | Zot:2    | Gained mutation: Your movements are slightly less
                  | encumbered by armour. (ER -2) [potion of mutation]
 71325 | Zot:2    | Gained mutation: Your spells are a little harder to cast,
                  | but a little more powerful. [potion of mutation]
 71424 | Zot:3    | Reached skill level 23 in Fighting
 71665 | Zot:3    | Found a runed gate.
 71666 | Zot:3    | Found a runed gate.
 71667 | Zot:3    | Found a runed gate.
 71667 | Zot:3    | Found an opulent altar of Gozag.
 71668 | Zot:3    | Noticed Vetuofex's ghost (legendary DsAK)
 72732 | Zot:5    | Entered Level 5 of the Realm of Zot
 73287 | Zot:5    | Noticed an ancient lich
 73315 | Zot:5    | Killed an ancient lich
 73392 | Zot:5    | Noticed an orb of fire
 73402 | Zot:5    | Gained mutation: You tend to lose your temper in combat.
                  | [an orb of fire]
 73407 | Zot:5    | Killed an orb of fire
 73529 | Zot:5    | Noticed an orb of fire
 73553 | Zot:5    | Killed an orb of fire
 73691 | Zot:4    | Lost mutation: You tend to lose your temper in combat.
                  | [potion of mutation]
 73691 | Zot:4    | Lost mutation: Your spells are a little harder to cast, but
                  | a little more powerful. [potion of mutation]
 73691 | Zot:4    | Lost mutation: Your movements are slightly less encumbered
                  | by armour. (ER -2) [potion of mutation]
 73691 | Zot:4    | Gained mutation: Your magical capacity is low. (-10% MP)
                  | [potion of mutation]
 73691 | Zot:4    | Gained mutation: You have a pair of small antennae on your
                  | head. [potion of mutation]
 73691 | Zot:4    | Gained mutation: You are weak. (Str -2) [potion of
                  | mutation]
 73691 | Zot:4    | Gained mutation: You are resistant to hostile enchantments.
                  | (MR+) [potion of mutation]
 73762 | Zot:5    | Noticed an orb of fire
 73963 | Zot:5    | Noticed an ancient lich
 73974 | Zot:5    | Killed an ancient lich
 74216 | Zot:5    | Noticed an ancient lich
 74233 | Zot:5    | Killed an ancient lich
 74277 | Zot:5    | Noticed an orb of fire
 74295 | Zot:5    | Killed an orb of fire
 74464 | Zot:5    | Gained mutation: Your magical capacity is very low. (-20%
                  | MP) [an orb of fire]
 74468 | Zot:5    | Gained mutation: Scrolls take you a little longer to read.
                  | [an orb of fire]
 74469 | Zot:5    | Gained mutation: Armour fits poorly on your strangely
                  | shaped body. [an orb of fire]
 74488 | Zot:5    | Gained mutation: You are frail. (-10% HP) [an orb of fire]
 74493 | Zot:5    | Killed an orb of fire
 74493 | Zot:5    | Reached skill level 24 in Fighting
 74587 | Zot:4    | Lost mutation: Your magical capacity is very low. (-20% MP)
                  | [potion of mutation]
 74587 | Zot:4    | Lost mutation: You have a pair of small antennae on your
                  | head. [potion of mutation]
 74587 | Zot:4    | Lost mutation: Armour fits poorly on your strangely shaped
                  | body. [potion of mutation]
 74587 | Zot:4    | Gained mutation: You possess an exceptional clarity of
                  | mind. [potion of mutation]
 74588 | Zot:4    | Lost mutation: Scrolls take you a little longer to read.
                  | [potion of mutation]
 74588 | Zot:4    | Lost mutation: Your magical capacity is low. (-10% MP)
                  | [potion of mutation]
 74588 | Zot:4    | Lost mutation: You are resistant to hostile enchantments.
                  | (MR+) [potion of mutation]
 74588 | Zot:4    | Gained mutation: You have a pair of small antennae on your
                  | head. [potion of mutation]
 74588 | Zot:4    | Gained mutation: You have a pair of antennae on your head.
                  | [potion of mutation]
 74588 | Zot:4    | Gained mutation: You are agile. (Dex +2) [potion of
                  | mutation]
 74589 | Zot:4    | Lost mutation: You are frail. (-10% HP) [potion of
                  | mutation]
 74589 | Zot:4    | Lost mutation: You possess an exceptional clarity of mind.
                  | [potion of mutation]
 74589 | Zot:4    | Lost mutation: You are agile. (Dex +2) [potion of mutation]
 74589 | Zot:4    | Gained mutation: You have sharp toenails. [potion of
                  | mutation]
 74589 | Zot:4    | Gained mutation: You are frail. (-10% HP) [potion of
                  | mutation]
 74589 | Zot:4    | Gained mutation: Armour fits poorly on your strangely
                  | shaped body. [potion of mutation]
 74589 | Zot:4    | Gained mutation: Your system is resistant to poisons.
                  | (rPois) [potion of mutation]
 74590 | Zot:4    | Lost mutation: You have sharp toenails. [potion of
                  | mutation]
 74590 | Zot:4    | Lost mutation: You are frail. (-10% HP) [potion of
                  | mutation]
 74590 | Zot:4    | Gained mutation: You are covered in fur. (AC +1) [potion of
                  | mutation]
 74590 | Zot:4    | Lost mutation: You have a pair of antennae on your head.
                  | [potion of mutation]
 74590 | Zot:4    | Gained mutation: You have large cloven feet. [potion of
                  | mutation]
 74590 | Zot:4    | Lost mutation: You are weak. (Str -2) [potion of mutation]
 74985 | Zot:5    | Got the Orb of Zot
 75154 | Zot:1    | Noticed Zopteel the pandemonium lord
 75179 | Depths:5 | Noticed a seraph
 75399 | D:10     | Noticed Kemened the pandemonium lord
 75592 | D:3      | Noticed Eddoagink the pandemonium lord
 75607 | D:3      | Killed Eddoagink the pandemonium lord
 75769 | D:$      | Escaped with the Orb!

Skill      XL: |  1  2  3  4  5  6  7  8  9 10 11 12 13 14 15 16 17 18 19 20 21 22 23 24 25 26 27 |
---------------+----------------------------------------------------------------------------------+-----
Polearms       | 2 3 4 5 7 8 10 11 12 13 14 | 14.0
Fighting       | 3 4 5 6 8 10 12 13 14 15 16 18 19 20 21 22 24 | 24.1
Invocations    | 2 4 7 8 10 11 12 | 12.0
Evocations     | 2 3 5 6 |  6.2
Armour         | 2 3 5 7 8 10 11 12 13 15 16 18 | 18.0
Dodging        | 2 3 5 7 8 10 11 13 15 17 18 | 18.6
Shields        | 1 8 10 12 13 15 17 18 19 | 19.9
Throwing       | 1 5 7 9 10 | 10.0

Action                   |  1- 3 |  4- 6 |  7- 9 | 10-12 | 13-15 | 16-18 | 19-21 | 22-24 | 25-27 || total
-------------------------+-------+-------+-------+-------+-------+-------+-------+-------+-------++-------
Melee: Spear             |    97 |   166 |   131 |       |       |       |       |       |       ||   394
       Bite              |    12 |    40 |    95 |   279 |   581 |   486 |   648 |   790 |   923 ||  3854
       Trident           |       |       |   194 |   913 |  1593 |  1599 |  1719 |    42 |       ||  6060
       Demon trident     |       |       |       |       |       |       |       |  1937 |  2188 ||  4125
 Fire: Blowgun           |       |       |       |     3 |       |       |       |       |       ||     3
Throw: Javelin           |       |       |     6 |     3 |       |       |    14 |    50 |    23 ||    96
       Throwing net      |       |       |       |     3 |     1 |     1 |       |     4 |     3 ||    12
 Cast: Apportation       |       |       |       |       |       |       |       |     2 |       ||     2
Invok: Depart the Abyss  |     1 |       |       |       |       |       |       |       |       ||     1
       Bend Space        |       |     5 |     1 |     9 |    16 |     3 |       |     4 |     8 ||    46
       Banish            |       |       |       |    16 |    22 |    27 |    31 |     7 |     6 ||   109
 Abil: Stop Flying       |       |       |       |       |     1 |       |       |       |       ||     1
       Evoke Flight      |       |       |       |       |     1 |       |       |       |       ||     1
       Evoke Blink       |       |       |       |       |       |     6 |     6 |       |       ||    12
       Evoke Invisibilit |       |       |       |       |       |    11 |    14 |     1 |     8 ||    34
Evoke: Wand              |       |     8 |    11 |    10 |    30 |    59 |    17 |     9 |    12 ||   156
       Box of beasts     |       |       |       |     1 |       |       |       |       |     1 ||     2
       Phantom mirror    |       |       |       |     1 |       |       |       |       |       ||     1
       Sack of spiders   |       |       |       |       |    12 |       |       |       |       ||    12
       Phial of floods   |       |       |       |       |     3 |       |     2 |       |     1 ||     6
       Lamp of fire      |       |       |       |       |     2 |     1 |       |     1 |     4 ||     8
       Lightning rod     |       |       |       |       |       |       |     3 |       |       ||     3
       Fan of gales      |       |       |       |       |       |       |       |       |     1 ||     1
  Use: Scroll            |     2 |     4 |     6 |     9 |    22 |    19 |    19 |    21 |    26 ||   128
       Potion            |     1 |     6 |     2 |     7 |     7 |     7 |    10 |     5 |    18 ||    63
 Stab: Sleeping          |     1 |       |       |       |       |       |       |       |       ||     1
       Invisible         |       |       |     1 |     4 |     1 |    31 |    30 |     2 |    28 ||    97
       Held in net/web   |       |       |       |     2 |       |       |       |     2 |     3 ||     7
       Paralysed         |       |       |       |       |       |     4 |       |       |       ||     4
       Petrified         |       |       |       |       |       |     3 |       |       |       ||     3
       Confused          |       |       |       |       |       |       |     2 |       |       ||     2
       Distracted        |       |       |       |       |       |       |     1 |     2 |       ||     3
  Eat: Chunk             |     3 |    20 |     9 |    10 |    31 |    25 |    28 |    19 |    12 ||   157
       Ration            |       |       |       |     5 |     6 |    10 |     7 |     8 |    10 ||    46
Armor: Chain mail        |    38 |    93 |   147 |    44 |       |       |       |       |       ||   322
       Plate armour      |       |       |       |   389 |   539 |     1 |       |   122 |       ||  1051
       Skin              |       |       |       |     2 |       |       |    12 |       |       ||    14
       Scale mail        |       |       |       |       |       |   275 |   131 |     3 |       ||   409
       Gold dragon scale |       |       |       |       |       |       |       |   239 |   306 ||   545
Dodge: Dodged            |    23 |    58 |   120 |   299 |   518 |   712 |   350 |   487 |   389 ||  2956
Block: Shield            |       |       |       |       |   179 |   716 |   557 |   609 |       ||  2061
       Reflection        |       |       |       |       |       |    58 |   107 |    19 |       ||   184
       Large shield      |       |       |       |       |       |       |       |    39 |  1678 ||  1717

Table legend:
 A = Turns spent in this place as a percentage of turns spent in the entire game.
 B = Non-inter-level travel turns spent in this place as a percentage of non-inter-level travel turns spent in the entire game.
 C = Inter-level travel turns spent in this place as a percentage of turns spent in this place.
 D = Turns resting spent in this place as a percentage of non-inter-level travel turns spent in this place.
 E = Turns spent auto-exploring this place as a percentage of non-inter-level travel turns spent in this place.
 F = Non-inter-level travel turns spent in this place divided by the number of levels of this place that you've seen.
                   A       B       C       D       E      F
               +-------+-------+-------+-------+-------+----------------------
         Total | 100.0 | 100.0 |  10.1 |  10.7 |  29.8 | 1284.6
       Dungeon |  28.6 |  26.4 |  17.0 |  11.8 |  32.2 | 1200.5
          Lair |  10.6 |  10.3 |  12.6 |  12.1 |  36.5 | 1170.5
        Shoals |   6.7 |   7.0 |   5.4 |  18.3 |  20.9 | 1192.2
   Spider Nest |   6.9 |   7.0 |   8.1 |   8.6 |  40.8 | 1199.2
  Orcish Mines |   4.0 |   3.9 |  13.7 |  10.8 |  22.0 | 1320.5
   Elven Halls |   5.5 |   5.7 |   7.0 |  15.8 |  28.7 | 1303.3
        Vaults |  13.6 |  14.3 |   5.3 |  11.5 |  22.2 | 1951.4
        Depths |  13.7 |  13.9 |   8.6 |   3.0 |  33.4 | 1895.8
           Zot |   8.4 |   9.1 |   2.5 |   9.1 |  28.6 | 1241.8
         Abyss |   0.0 |   0.0 |   N/A |   N/A |   N/A |   0.0
     Labyrinth |   0.4 |   0.5 |   0.0 |   0.0 |   0.0 | 322.0
         Trove |   0.1 |   0.1 |   0.0 |   0.0 |   0.0 |  76.0
        Bailey |   1.4 |   1.6 |   0.0 |  13.8 |  13.5 | 1096.0
               +-------+-------+-------+-------+-------+----------------------

Table legend:
 A = Kills in this place as a percentage of kills in entire the game.
 B = Kills by you in this place as a percentage of kills by you in the entire game.
 C = Kills by friends in this place as a percentage of kills by friends in the entire game.
 D = Other kills in this place as a percentage of other kills in the entire game.
 E = Experience gained in this place as a percentage of experience gained in the entire game.
 F = Experience gained in this place divided by the number of levels of this place that you have seen.
                   A       B       C       D       E      F
               +-------+-------+-------+-------+-------+----------------------
         Total | 100.0 | 100.0 | 100.0 | 100.0 | 100.0 | 29900.2
       Dungeon |  20.3 |  20.5 |  50.0 |  13.0 |   5.3 | 5630.5
          Lair |   5.9 |   5.6 |  50.0 |  13.0 |   2.7 | 7245.2
        Shoals |   6.8 |   6.7 |   0.0 |   8.7 |   5.6 | 22028.0
   Spider Nest |   8.8 |   8.9 |   0.0 |   8.7 |   5.3 | 20969.2
  Orcish Mines |   4.9 |   5.1 |   0.0 |   1.1 |   1.4 | 11040.0
   Elven Halls |   4.8 |   5.0 |   0.0 |   1.1 |   6.6 | 34639.7
        Vaults |  21.6 |  20.8 |   0.0 |  41.3 |  24.0 | 76150.8
        Depths |  16.8 |  17.3 |   0.0 |   6.5 |  22.3 | 70767.0
           Zot |   8.3 |   8.3 |   0.0 |   6.5 |  26.5 | 83874.2
     Labyrinth |   0.0 |   0.0 |   0.0 |   0.0 |   0.1 | 1156.0
        Bailey |   1.8 |   1.8 |   0.0 |   0.0 |   0.2 | 3680.0
               +-------+-------+-------+-------+-------+----------------------

Vault maps used:
D:1:      kilobyte_arrival_exit_the_forest, nrook_mini_vaults
D:2:      minmay_snake_closets
D:3:      okawaru_ov_weapons_minmay, uniq_natasha
D:4:      fedhas_altar_2, st_stairs_13, uniq_menkaure
D:5:      first_ration, biasface_ghost_orc_armoury,
          lightli_ossuary_entry_decrepit_ruins
D:6:      lemuel_doored_altar, kennysheep_mini_moat, nemelex_altar_shiori
D:7:      dancing_weapons_uskayaw, minmay_temple_entry_mist, grunt_livestock
D:8:      wad_crossroads, nicolae_dithmenos_through_a_glass_darkly, uniq_grum,
          uniq_pikel
D:9:      kennysheep_steamy, grunt_lair_entry_orc_guard_hut, trog_book,
          uniq_harold
D:10:     chequers_guarded_unrand_ignorance
D:11:     nicolae_water_bricks, lightli_airlock
D:12:     david_orc_5, uniq_azrael
D:13:     lightli_bailey_entry_fortress, grunt_decor_mini_mirrors
D:14:     david_vaults_1, grunt_decor_fettered
D:15:     grunt_enter_depths_magical_seal, serial_bayou_pond_b
Lair:1:   gammafunk_ghost_arena, eino_small_chamber_without_monster
Lair:2:   minmay_shoals_entry_lonely_mermaid, uniq_erica
Lair:3:   nicolae_spider_entry_tight_spaces, infiniplex_staircase_pool_2
Lair:6:   due_jungle_book, nicolae_slime_entry_slimehenge, serial_bayou_ford_a
Shoals:1: nicolae_shoals_dead_sea_scrolls
Shoals:2: nicolae_shoals_flooded_hall
Shoals:3: cheibrodos_shoals_three_sisters, serial_shops, shop
Shoals:4: shoals_end_grunt_ice, nicolae_alphabet_shops, uniq_polyphemus
Spider:2: uniq_louise
Spider:4: grunt_spider_rune_island, ebering_ghost_xom
Orc:1:    basic_altar, uniq_josephine
Orc:2:    grunt_orc_cross, lab_entry_generic, serial_shops, shop, uniq_erolcha
Elf:1:    minmay_elf_arrival_summoners, minivault_28, uniq_agnes, uniq_nikola
Elf:2:    serial_sigils_hangedman_gnaw, nrook_uturn, spider_trap
Elf:3:    minmay_elf_hall_circle, lemuel_statue_altar
Vaults:1: nicolae_vaults_diagonal_hallway_9, v_pattern_4,
          nicolae_vaults_gold_heap, nicolae_vaults_little_squares_5,
          vaults_dpeg_cross, v_rooms_3, v_misc_14, hangedman_vaults_trim
Vaults:2: nicolae_vaults_ninety_degrees, vaults_mumra_minichess_inversion,
          vaults_dpeg_doors, vaults_room_octagon, hangedman_vaults_variations,
          nicolae_vaults_meeting, ontoclasm_vaults_twist, v_pattern_3,
          nicolae_vaults_angled_halls, vaults_room_grid, v_misc_29,
          ontoclasm_vaults_ring_small, v_misc_4,
          nicolae_vaults_little_squares_4, nicolae_vaults_little_squares_5,
          vaults_dpeg_diagonal, uniq_sojobo
Vaults:3: nicolae_vaults_display_case, nicolae_vaults_specimen_jars,
          vaults_mumra_chevron_long, v_pattern_5, vaults_standard_mumra_x,
          hangedman_vaults_stretched_pinwheel, nicolae_vaults_what_the_h,
          dpeg_vaults_monster_box, hangedman_vaults_capsules,
          hangedman_vaults_impose, nicolae_vaults_triangles,
          minmay_crypt_entry_necro_gods, v_misc_19, vaults_room_pool,
          serial_shops, nicolae_shop_waterfront
Vaults:4: nicolae_vaults_network_barrier, nicolae_vaults_alarming, st_check,
          vaults_dpeg_hooks, v_misc_5, v_misc_9,
          nicolae_vaults_stairing_the_circle, nicolae_vaults_ring_of_whatevers,
          ontoclasm_vaults_chip, ontoclasm_vaults_loading_screen,
          ontoclasm_vaults_ligature, ontoclasm_vaults_gateway,
          nicolae_vaults_little_squares_3
Vaults:5: serial_shops
Depths:1: enter_ziggurat_a, hex_medium, hellmouth_1, minmay_orc_keep,
          minmay_shop_star
Depths:2: box_level_dp, abyss_entry, hell_entry, uniq_saint_roka
Depths:3: minmay_diamond_stairs, hangedman_geh_valley, pan_entry
Depths:4: evilmike_negative_zone, pf_coc_iceberg, serial_shops, shop,
          minmay_room_of_horrors, nicolae_trove_entry_columns,
          hangedman_decor_peaks_small, pan_entry, serial_bayou_shore_a,
          basic_stair_grate_trap
Depths:5: grunt_zot_entry_pinwheel, grunt_hell_entry_dis_grunt,
          marbit_kobold_abyss_entry, glass_columns_b, ashenzari_altar_1,
          uniq_xtahua
Zot:1:    st_large_dragon_hoard_1, grunt_megastairs_3
Zot:2:    lemuel_lich_library
Zot:3:    ebering_ghost_gozag
Zot:5:    grunt_ministairs_2
Lab:      labyrinth_watery
Trove:    trove_hunter_1
Bailey:   bailey_axe_of_yendor_kennysheep, bailey
